Atomiques vs Staline (R1)

Created - November 20, 2018 at 22:34

Goals
1 2 3 T
Atomiques 2 0 2 4
Staline 4 1 2 7
Shots
1 2 3 T
Atomiques 14 8 17 39
Staline 15 8 9 32

1st period

1. Staline , Nick Spaling 8 (Lars Eller 18) at 12:05
2. Staline , Jason Akeson 14 (Philip Larsen 6, Lars Eller 19) at 13:44
3. Staline , Lars Eller 6 (Nick Spaling 12, Philip Larsen 7) at 16:17
4. Atomiques , Brock McGinn 2 (Matt Tennyson 9, Jack Skille 10) at 17:28 (PP)
5. Staline , Jason Akeson 15 (Cameron Gaunce 7, Corey Trivino 9) at 18:33 (SH)
6. Atomiques , Brock McGinn 3 (Jack Skille 11) at 18:39 (PP)

Penalties :
Bryan Bickell (StJ) for Cross-checking (Minor) at 16:39, Philip Larsen (StJ) for Delaying the game (Minor) at 18:28, Jack Skille (STB) for Hooking (Minor) at 18:59

2nd period

7. Staline , Cameron Gaunce 5 (Lars Eller 20, Alex Petrovic 5) at 0:10 (PP)

Penalties :
Mike Reilly (StJ) for Tripping (Minor) at 2:08, Tyler Brenner (STB) for Slashing (Minor) at 5:39, Nick Spaling (StJ) for Hooking (Minor) at 12:06, Ryan Shannon (STB) for Cross-checking (Minor) at 19:55

3rd period

8. Atomiques , Tyler Brenner 7 (Rasmus Ristolainen 16) at 3:28 (PP)
9. Atomiques , Dwight King 9 (Ryan Shannon 13, Anthony Nigro 2) at 12:52
10. Staline , Alex Petrovic 1 (Cameron Gaunce 8, Tyler Pitlick 10) at 13:44 (PP)
11. Staline , Tyler Pitlick 9 (Corey Trivino 10) at 14:41 (PP)

Penalties :
Alex Petrovic (StJ) for Slashing (Minor) at 3:22, Eric Mestery (STB) for Hooking (Minor) at 13:29, Tyler Brenner (STB) for Roughing (Minor) at 14:00, Eric Mestery (STB) for Hooking (Minor) at 15:20, Mike Reilly (StJ) for Cross-checking (Minor) at 18:53

Goalie Stats

Jeff Frazee (STB), 14 saves from 17 shots - (0.824), L, 2-3-0, 41:27 minutes
Jake Allen (STB), 11 saves from 15 shots - (0.733), 18:33 minutes
Joni Ortio (StJ), 35 saves from 39 shots - (0.897), W, 8-1-0, 60:00 minutes

Players Stats for Atomiques

Player Name              G  A  P  +/- PIM S  H  SB GA TA FO     MP     PP MP  PK MP  
------------------------------------------------------------------------------------
Anthony Nigro            0  1  1   1  0   0  1  1  0  0  5/11   16:01   2:02   0:00 
Bobby Farnham            0  0  0  -1  0   2  1  0  0  0  0/0     7:12   0:00   0:00 
Brock McGinn             2  0  2  -2  0   7  2  1  0  0  0/0    18:19   4:08   0:00 
Colby Cohen              0  0  0  -1  0   1  1  0  0  2  0/0    18:04   2:23   0:50 
Corey Tropp              0  0  0  -1  0   4  4  2  2  0  0/0    10:40   0:00   0:00 
Dalton Smith             0  0  0  -1  0   2  1  0  0  0  1/2    13:02   0:00   2:31 
Davis Drewiske           0  0  0   0  0   0  1  1  0  0  0/0    23:50   1:33   5:24 
Dwight King              1  0  1   1  0   4  7  0  0  0  7/14   21:33   2:02   5:18 
Eric Mestery             0  0  0  -1  4   0  2  2  0  1  0/0    15:55   0:30   1:50 
Jack Skille              0  2  2  -2  2   4  2  1  0  1  1/4    23:26   4:08   4:22 
Jacob De La Rose         0  0  0  -1  0   0  0  0  0  1  2/4    10:13   0:00   0:00 
Joseph Cramarossa        0  0  0  -1  0   1  1  0  0  0  0/0     8:07   0:00   0:46 
Lucas Wallmark           0  0  0  -1  0   1  0  0  0  1  1/2     7:35   0:00   0:30 
Matt Tennyson            0  1  1  -2  0   1  1  1  0  0  0/0    13:12   2:29   0:48 
Rasmus Ristolainen       0  1  1  -1  0   4  2  1  0  0  0/0    25:05   4:41   2:40 
Ryan Shannon             0  1  1   1  2   5  4  0  2  1  0/1    17:41   2:02   1:23 
Tyler Brenner            1  0  1  -2  4   3  1  1  3  0  8/32   19:46   4:08   1:18 
Wiley Sherman            0  0  0  -1  0   0  1  1  1  2  0/0    22:09   0:44   4:36 

Players Stats for Staline

Player Name              G  A  P  +/- PIM S  H  SB GA TA FO     MP     PP MP  PK MP  
------------------------------------------------------------------------------------
Alex Petrovic            1  1  2   2  2   3  2  0  0  1  0/0    29:30   5:35   4:25 
Andrey Pedan             0  0  0   0  0   0  0  0  0  0  0/0    10:49   0:00   0:11 
Bryan Bickell            0  0  0   0  2   0  1  0  0  0  0/0    14:55   3:12   0:37 
Cameron Gaunce           1  2  3   2  0   3  4  7  1  1  0/0    29:37   5:35   4:31 
Charles Hudon            0  0  0   0  0   0  1  0  0  0  0/0     8:10   0:00   0:00 
Corey Trivino            0  2  2   1  0   1  0  1  1  0  20/30  18:26   3:12   4:11 
Danny Kristo             0  0  0   0  0   0  1  0  0  0  0/0     8:58   0:00   0:43 
Jason Akeson             2  0  2   4  0   4  0  2  0  1  0/0    25:28   4:52   4:17 
Jiri Sekac               0  0  0  -1  0   0  0  0  1  0  1/2    10:10   0:00   0:00 
Jordan Szwarz            0  0  0  -1  0   2  0  0  1  0  0/0    10:10   0:00   0:00 
Lars Eller               1  3  4   3  0   9  3  0  0  0  21/31  22:26   4:52   1:16 
Marek Zagrapan           0  0  0  -1  0   1  2  2  0  0  1/2    10:10   0:00   0:00 
Mike Reilly              0  0  0   0  4   0  2  3  1  0  0/0    13:54   2:29   0:43 
Nick Spaling             1  1  2   3  2   3  1  0  0  2  1/1    21:10   4:52   0:00 
Peter Holland            0  0  0   0  0   0  1  0  0  0  1/4     8:10   0:00   0:00 
Philip Larsen            0  2  2   1  2   1  2  1  0  0  0/0    16:21   0:00   0:51 
Tyler Pitlick            1  1  2   0  0   4  3  0  1  0  0/0    15:31   3:12   1:16 
Viktor Loov              0  0  0   1  0   1  0  0  3  3  0/0    19:49   2:29   1:39 

3 Stars

1 - Lars Eller (StJ)
2 - Cameron Gaunce (StJ)
3 - Jason Akeson (StJ)

Power Play

Atomiques - 3 on 6 Attempt(s) - 50.00%
Staline - 3 on 6 Attempt(s) - 50.00%

Penalty Kill

Atomiques - 3 on 6 Attempt(s) - 50.00% - Score 0 goal in Penalty Kill
Staline - 3 on 6 Attempt(s) - 50.00% - Score 1 goal in Penalty Kill

Team Stat

Atomiques - Hits : 32 - Faceoff Wins : 25 - Blocked Shots : 12 - Penalty Minutes : 12
Staline - Hits : 23 - Faceoff Wins : 45 - Blocked Shots : 16 - Penalty Minutes : 12

Official

Referees : Unknown
Linesman : Unknown

Game Notes

Jeff Frazee enters game at 18:33 of 1st period
Matt Tennyson is injured at 5:48 of 2nd period (Groin)

Finance

Level 1 -- Attendance: 1388 (69.40%) -- Ticket Income $48,580
Level 2 -- Attendance: 760 (76.00%) -- Ticket Income $11,400
Total Attendance: 2148 (71.60%)
Total Ticket Income: $59,980
Other Income: $2,999
Total Income: $62,979

Atomiques

5 vs 5 Forward 
   Center                   Left Wing                Right Wing               Time % Phy DF OF 
 1 Tyler Brenner            Brock McGinn             Jack Skille              40     1   2  2  
 2 Anthony Nigro            Dwight King              Ryan Shannon             30     1   2  2  
 3 Jacob De La Rose         Dalton Smith             Corey Tropp              20     1   2  2  
 4 Lucas Wallmark           Joseph Cramarossa        Bobby Farnham            10     1   2  2  

5 vs 5 Defense 
   Defense                  Defense                                           Time % Phy DF OF 
 1 Matt Tennyson            Rasmus Ristolainen                                40     1   2  2  
 2 Davis Drewiske           Wiley Sherman                                     30     1   2  2  
 3 Colby Cohen              Eric Mestery                                      20     1   2  2  
 4 Matt Tennyson            Rasmus Ristolainen                                10     1   2  2  

PowerPlay Forward 
   Center                   Left Wing                Right Wing               Time % Phy DF OF 
 1 Tyler Brenner            Brock McGinn             Jack Skille              60     1   2  2  
 2 Anthony Nigro            Dwight King              Ryan Shannon             40     1   2  2  

PowerPlay Defense
   Defense                  Defense                                           Time % Phy DF OF 
 1 Matt Tennyson            Rasmus Ristolainen                                60     1   2  2  
 2 Rasmus Ristolainen       Eric Mestery                                      40     1   2  2  

Penalty Kill 4 Players Forward 
   Center                   Wing                     Time % Phy DF OF 
 1 Dwight King              Jack Skille              60     1   2  2  
 2 Ryan Shannon             Tyler Brenner            40     1   2  2  

Penalty Kill 4 Players Defense
   Defense                  Defense                  Time % Phy DF OF 
 1 Matt Tennyson            Davis Drewiske           60     1   2  2  
 2 Rasmus Ristolainen       Eric Mestery             40     1   2  2  

Penalty Kill - 3 Players Forward 
   Forward                                           Time % Phy DF OF 
 1 Dwight King                                       60     1   2  2  
 2 Jack Skille                                       40     1   2  2  

Penalty Kill - 3 Players Defense
   Defense                  Defense                  Time % Phy DF OF 
 1 Matt Tennyson            Davis Drewiske           60     1   2  2  
 2 Rasmus Ristolainen       Eric Mestery             40     1   2  2  

4 vs 4 Forward 
   Center                   Wing                     Time % Phy DF OF 
 1 Dwight King              Jack Skille              60     1   2  2  
 2 Ryan Shannon             Tyler Brenner            40     1   2  2  

4 vs 4 Defense
   Defense                  Defense                  Time % Phy DF OF 
 1 Matt Tennyson            Rasmus Ristolainen       60     1   2  2  
 2 Wiley Sherman            Eric Mestery             40     1   2  2  

Last Minutes Offensive
   Center                   Left Wing                Right Wing               Defense                  Defense                  
   Tyler Brenner            Dwight King              Jack Skille              Rasmus Ristolainen       Davis Drewiske           

Last Minutes Defensive
   Center                   Left Wing                Right Wing               Defense                  Defense                  
   Tyler Brenner            Dwight King              Jack Skille              Matt Tennyson            Davis Drewiske           

Goaltenders
Starting : Jake Allen               
Backup : Jeff Frazee              

Extra Forwards
Normal : Corey Tropp, Bobby Farnham, Dalton Smith - PP : Corey Tropp, Bobby Farnham - PK : Dalton Smith
Extra Defensemen
Normal : Colby Cohen, Wiley Sherman, Rasmus Ristolainen - PP : Colby Cohen - PK : Wiley Sherman, Rasmus Ristolainen
Penalty Shots
Dwight King, Jack Skille, Ryan Shannon, Tyler Brenner, Corey Tropp

Scratches
Rickard Rakell (Sprained Right Finger Injury), Mike Halmo (Healthy), Max McCormick (Healthy), Mitch Callahan (Healthy), John Draeger (Healthy)
Carl Dahlstrom (Healthy), Eric Gustafsson (Healthy), Francois Tremblay (Healthy)

Staline

5 vs 5 Forward 
   Center                   Left Wing                Right Wing               Time % Phy DF OF 
 1 Lars Eller               Nick Spaling             Jason Akeson             40     0   2  3  
 2 Corey Trivino            Bryan Bickell            Tyler Pitlick            30     0   2  3  
 3 Marek Zagrapan           Jiri Sekac               Jordan Szwarz            20     0   2  3  
 4 Peter Holland            Charles Hudon            Danny Kristo             10     1   3  1  

5 vs 5 Defense 
   Defense                  Defense                                           Time % Phy DF OF 
 1 Cameron Gaunce           Alex Petrovic                                     40     0   3  2  
 2 Viktor Loov              Philip Larsen                                     30     0   3  2  
 3 Andrey Pedan             Mike Reilly                                       20     0   3  2  
 4 Cameron Gaunce           Alex Petrovic                                     10     0   3  2  

PowerPlay Forward 
   Center                   Left Wing                Right Wing               Time % Phy DF OF 
 1 Lars Eller               Nick Spaling             Jason Akeson             60     0   1  4  
 2 Corey Trivino            Bryan Bickell            Tyler Pitlick            40     0   1  4  

PowerPlay Defense
   Defense                  Defense                                           Time % Phy DF OF 
 1 Cameron Gaunce           Alex Petrovic                                     60     0   1  4  
 2 Viktor Loov              Mike Reilly                                       40     0   1  4  

Penalty Kill 4 Players Forward 
   Center                   Wing                     Time % Phy DF OF 
 1 Corey Trivino            Jason Akeson             60     1   3  1  
 2 Lars Eller               Tyler Pitlick            40     1   3  1  

Penalty Kill 4 Players Defense
   Defense                  Defense                  Time % Phy DF OF 
 1 Cameron Gaunce           Alex Petrovic            60     1   3  1  
 2 Viktor Loov              Mike Reilly              40     1   3  1  

Penalty Kill - 3 Players Forward 
   Forward                                           Time % Phy DF OF 
 1 Peter Holland                                     60     0   5  0  
 2 Lars Eller                                        40     0   5  0  

Penalty Kill - 3 Players Defense
   Defense                  Defense                  Time % Phy DF OF 
 1 Cameron Gaunce           Alex Petrovic            60     0   5  0  
 2 Viktor Loov              Mike Reilly              40     0   5  0  

4 vs 4 Forward 
   Center                   Wing                     Time % Phy DF OF 
 1 Marek Zagrapan           Jason Akeson             60     0   2  3  
 2 Lars Eller               Tyler Pitlick            40     0   2  3  

4 vs 4 Defense
   Defense                  Defense                  Time % Phy DF OF 
 1 Cameron Gaunce           Alex Petrovic            60     0   2  3  
 2 Viktor Loov              Mike Reilly              40     0   2  3  

Last Minutes Offensive
   Center                   Left Wing                Right Wing               Defense                  Defense                  
   Lars Eller               Nick Spaling             Jason Akeson             Cameron Gaunce           Alex Petrovic            

Last Minutes Defensive
   Center                   Left Wing                Right Wing               Defense                  Defense                  
   Lars Eller               Nick Spaling             Jason Akeson             Cameron Gaunce           Alex Petrovic            

Goaltenders
Starting : Joni Ortio               
Backup : Andrew Hammond           

Extra Forwards
Normal : Jordan Szwarz, Marek Zagrapan, Danny Kristo - PP : Jordan Szwarz, Marek Zagrapan - PK : Danny Kristo
Extra Defensemen
Normal : Andrey Pedan, Philip Larsen, Viktor Loov - PP : Andrey Pedan - PK : Philip Larsen, Viktor Loov
Penalty Shots
Nick Spaling, Jason Akeson, Lars Eller, Tyler Pitlick, Jordan Szwarz

Scratches
Tyler Lewington (Healthy), Tobias Lindberg (Healthy), Nikita Nesterov (Healthy), Sergey Tolchinsky (Healthy), Barclay Goodrow (Healthy)
David Musil (Healthy), Darcy Kuemper (Healthy)

% Time on Ice - Atomiques

Lines # - Real PCT - Wanted PCT - Time Play
Normal Forward
1 - 31% - 40% - 14:18
2 - 31% - 30% - 14:10
3 - 22% - 20% - 10:13
4 - 15% - 10% - 7:05
Normal Defense
1 - 45% - 40% - 20:24
2 - 27% - 30% - 12:10
3 - 20% - 20% - 9:22
4 - 8% - 10% - 3:50
PP Forward
1 - 67% - 60% - 4:08
2 - 33% - 40% - 2:02
PP Defense
1 - 92% - 60% - 5:40
2 - 8% - 40% - 0:30
PK Forward
1 - 76% - 60% - 6:06
2 - 24% - 40% - 1:58
PK Defense
1 - 70% - 60% - 5:37
2 - 30% - 40% - 2:27
PK3 Forward
1 - 0% - 60%
2 - 0% - 40%
PK3 Defense
1 - 0% - 60%
2 - 0% - 40%
44 Forward
1 - 0% - 60%
2 - 0% - 40%
44 Defense
1 - 0% - 60%
2 - 0% - 40%
Last Minute Offensive  - 0:00
Last Minute Defensive  - 0:00
Total
Forward - 60:00
Defense - 60:00

% Time on Ice - Staline

Lines # - Real PCT - Wanted PCT - Time Play
Normal Forward
1 - 36% - 40% - 16:23
2 - 24% - 30% - 11:03
3 - 22% - 20% - 10:10
4 - 18% - 10% - 8:10
Normal Defense
1 - 39% - 40% - 18:03
2 - 34% - 30% - 15:41
3 - 23% - 20% - 10:34
4 - 3% - 10% - 1:28
PP Forward
1 - 60% - 60% - 4:52
2 - 40% - 40% - 3:12
PP Defense
1 - 69% - 60% - 5:35
2 - 31% - 40% - 2:29
PK Forward
1 - 79% - 60% - 4:54
2 - 21% - 40% - 1:16
PK Defense
1 - 73% - 60% - 4:31
2 - 27% - 40% - 1:39
PK3 Forward
1 - 0% - 60%
2 - 0% - 40%
PK3 Defense
1 - 0% - 60%
2 - 0% - 40%
44 Forward
1 - 0% - 60%
2 - 0% - 40%
44 Defense
1 - 0% - 60%
2 - 0% - 40%
Last Minute Offensive  - 0:00
Last Minute Defensive  - 0:00
Total
Forward - 60:00
Defense - 60:00

Play by Play

1st period


0:01 of 1st period - Lars Eller wins face-off versus Tyler Brenner in neutral zone.
0:26 of 1st period - Rasmus Ristolainen is hit by Tyler Pitlick and loses puck.
0:44 of 1st period - Icing by Jordan Szwarz.
0:45 of 1st period - Jacob De La Rose wins face-off versus Peter Holland in Staline zone.
0:56 of 1st period - Snap shot by Danny Kristo.
0:56 of 1st period - Shot Misses the Net.
1:36 of 1st period - Snap shot by Dalton Smith.
1:36 of 1st period - Stopped by Joni Ortio with a rebound.
1:38 of 1st period - Wrist shot by Corey Tropp.
1:38 of 1st period - Stopped by Joni Ortio with a rebound.
1:54 of 1st period - Wrist shot by Dalton Smith.
1:54 of 1st period - Shot Blocked by Marek Zagrapan.
1:56 of 1st period - Wrist shot by Jacob De La Rose.
1:56 of 1st period - Shot Blocked by Mike Reilly.
1:58 of 1st period - Snap shot by Dalton Smith.
1:58 of 1st period - Deflect By Corey Tropp.
1:58 of 1st period - Stopped by Joni Ortio with a rebound.
2:00 of 1st period - Slapshot by Corey Tropp.
2:00 of 1st period - Shot Misses the Net.
2:08 of 1st period - Wrist shot by Dalton Smith.
2:08 of 1st period - Shot Blocked by Mike Reilly.
2:22 of 1st period - Slapshot by Davis Drewiske.
2:22 of 1st period - Shot Misses the Net.
2:24 of 1st period - Snap shot by Jacob De La Rose.
2:24 of 1st period - Shot Blocked by Mike Reilly.
2:26 of 1st period - Slapshot by Davis Drewiske.
2:26 of 1st period - Shot Misses the Net.
2:28 of 1st period - Wrist shot by Corey Tropp.
2:28 of 1st period - Stopped by Joni Ortio without a rebound.
2:29 of 1st period - Corey Trivino wins face-off versus Jack Skille in Staline zone.
2:36 of 1st period - Snap shot by Jack Skille.
2:36 of 1st period - Deflect By Brock McGinn.
2:36 of 1st period - Shot Blocked by Cameron Gaunce.
2:36 of 1st period - Puck is out of play.
2:37 of 1st period - Tyler Brenner wins face-off versus Corey Trivino in Staline zone.
2:48 of 1st period - Wrist shot by Jack Skille.
2:48 of 1st period - Shot Misses the Net.
3:22 of 1st period - Lucas Wallmark is hit by Danny Kristo and loses puck.
3:43 of 1st period - Wrist shot by Jack Skille.
3:43 of 1st period - Shot Blocked by Philip Larsen.
4:06 of 1st period - Nick Spaling is hit by Dwight King and loses puck.
4:11 of 1st period - Wrist shot by Dwight King.
4:11 of 1st period - Stopped by Joni Ortio without a rebound.
4:12 of 1st period - Lars Eller wins face-off versus Anthony Nigro in Staline zone.
4:21 of 1st period - Matt Tennyson is hit by Nick Spaling.
4:37 of 1st period - Danny Kristo is hit by Bobby Farnham and loses puck.
5:19 of 1st period - Snap shot by Nick Spaling.
5:19 of 1st period - Shot Blocked by Corey Tropp.
5:51 of 1st period - Slapshot by Cameron Gaunce.
5:51 of 1st period - Shot Misses the Net.
5:53 of 1st period - Slapshot by Alex Petrovic.
5:53 of 1st period - Stopped by Jake Allen without a rebound.
5:54 of 1st period - Corey Trivino wins face-off versus Tyler Brenner in Atomiques zone.
6:05 of 1st period - Brock McGinn is hit by Philip Larsen and loses puck.
6:29 of 1st period - Snap shot by Lars Eller.
6:29 of 1st period - Shot Misses the Net.
6:35 of 1st period - Wrist shot by Lars Eller.
6:35 of 1st period - Stopped by Jake Allen without a rebound.
6:36 of 1st period - Lucas Wallmark wins face-off versus Lars Eller in Atomiques zone.
6:50 of 1st period - Wrist shot by Jason Akeson.
6:50 of 1st period - Stopped by Jake Allen with a rebound.
7:15 of 1st period - Slapshot by Brock McGinn.
7:15 of 1st period - Stopped by Joni Ortio with a rebound.
7:17 of 1st period - Backhand shot by Rasmus Ristolainen.
7:17 of 1st period - Deflect By Tyler Pitlick.
7:17 of 1st period - Stopped by Joni Ortio without a rebound.
7:18 of 1st period - Jiri Sekac wins face-off versus Anthony Nigro in Staline zone.
7:18 of 1st period - Jiri Sekac is hit by Dwight King.
7:52 of 1st period - Snap shot by Lars Eller.
7:52 of 1st period - Stopped by Jake Allen with a rebound.
7:54 of 1st period - Snap shot by Jason Akeson.
7:54 of 1st period - Stopped by Jake Allen without a rebound.
7:55 of 1st period - Lars Eller wins face-off versus Anthony Nigro in Atomiques zone.
8:09 of 1st period - Off-side.
8:10 of 1st period - Corey Trivino wins face-off versus Tyler Brenner in neutral zone.
8:19 of 1st period - Icing by Matt Tennyson.
8:20 of 1st period - Corey Trivino wins face-off versus Tyler Brenner in Atomiques zone.
8:28 of 1st period - Off-side.
8:29 of 1st period - Lars Eller wins face-off versus Tyler Brenner in neutral zone.
8:38 of 1st period - Lars Eller is hit by Matt Tennyson and loses puck.
8:54 of 1st period - Anthony Nigro is hit by Marek Zagrapan and loses puck.
9:11 of 1st period - Jiri Sekac is hit by Dwight King and loses puck.
9:22 of 1st period - Marek Zagrapan is hit by Davis Drewiske and loses puck.
9:39 of 1st period - Snap shot by Jordan Szwarz.
9:39 of 1st period - Stopped by Jake Allen with a rebound.
9:47 of 1st period - Wrist shot by Bobby Farnham.
9:47 of 1st period - Shot Misses the Net.
9:49 of 1st period - Wrist shot by Bobby Farnham.
9:49 of 1st period - Shot Blocked by Cameron Gaunce.
10:22 of 1st period - Icing by Rasmus Ristolainen.
10:23 of 1st period - Anthony Nigro wins face-off versus Corey Trivino in Atomiques zone.
10:50 of 1st period - Jack Skille is hit by Lars Eller and loses puck.
10:55 of 1st period - Wrist shot by Lars Eller.
10:55 of 1st period - Stopped by Jake Allen without a rebound.
10:56 of 1st period - Lars Eller wins face-off versus Tyler Brenner in Atomiques zone.
11:36 of 1st period - Viktor Loov is hit by Dwight King and loses puck.
11:47 of 1st period - Corey Trivino is hit by Eric Mestery and loses puck.
11:58 of 1st period - Snap shot by Corey Trivino.
11:58 of 1st period - Shot Misses the Net.
12:01 of 1st period - Icing by Eric Mestery.
12:02 of 1st period - Lars Eller wins face-off versus Lucas Wallmark in Atomiques zone.
12:05 of 1st period - Slapshot by Nick Spaling.
12:05 of 1st period - Goal by Nick Spaling - Atomiques : 0 - Staline : 1.
12:06 of 1st period - Tyler Brenner wins face-off versus Lars Eller in neutral zone.
12:09 of 1st period - Jason Akeson is hit by Jack Skille and loses puck.
12:32 of 1st period - Dwight King is hit by Cameron Gaunce and loses puck.
12:59 of 1st period - Rasmus Ristolainen is hit by Philip Larsen and loses puck.
13:38 of 1st period - Wrist shot by Lars Eller.
13:38 of 1st period - Shot Blocked by Brock McGinn.
13:40 of 1st period - Snap shot by Lars Eller.
13:40 of 1st period - Stopped by Jake Allen with a rebound.
13:42 of 1st period - Snap shot by Philip Larsen.
13:42 of 1st period - Stopped by Jake Allen with a rebound.
13:44 of 1st period - Wrist shot by Jason Akeson.
13:44 of 1st period - Goal by Jason Akeson - Atomiques : 0 - Staline : 2.
13:45 of 1st period - Lars Eller wins face-off versus Tyler Brenner in neutral zone.
13:48 of 1st period - Davis Drewiske is hit by Alex Petrovic.
13:57 of 1st period - Snap shot by Jack Skille.
13:57 of 1st period - Deflect By Lars Eller.
13:57 of 1st period - Stopped by Joni Ortio with a rebound.
14:19 of 1st period - Snap shot by Ryan Shannon.
14:19 of 1st period - Deflect By Dwight King.
14:19 of 1st period - Shot Blocked by Cameron Gaunce.
14:19 of 1st period - Puck is out of play.
14:20 of 1st period - Anthony Nigro wins face-off versus Peter Holland in Staline zone.
14:41 of 1st period - Snap shot by Dwight King.
14:41 of 1st period - Shot Blocked by Jason Akeson.
14:55 of 1st period - Snap shot by Dwight King.
14:55 of 1st period - Deflect By Ryan Shannon.
14:55 of 1st period - Shot Misses the Net.
14:55 of 1st period - Puck is out of play.
14:56 of 1st period - Corey Trivino wins face-off versus Tyler Brenner in Staline zone.
15:03 of 1st period - Snap shot by Tyler Pitlick.
15:03 of 1st period - Shot Misses the Net.
15:05 of 1st period - Snap shot by Tyler Pitlick.
15:05 of 1st period - Shot Misses the Net.
15:09 of 1st period - Snap shot by Corey Trivino.
15:09 of 1st period - Stopped by Jake Allen with a rebound.
15:25 of 1st period - Snap shot by Jason Akeson.
15:25 of 1st period - Deflect By Corey Tropp.
15:25 of 1st period - Shot Hit the Post.
15:25 of 1st period - Puck is out of play.
15:26 of 1st period - Dalton Smith wins face-off versus Lars Eller in Atomiques zone.
16:13 of 1st period - Slapshot by Lars Eller.
16:13 of 1st period - Stopped by Jake Allen with a rebound.
16:15 of 1st period - Wrist shot by Nick Spaling.
16:15 of 1st period - Shot Misses the Net.
16:17 of 1st period - Snap shot by Lars Eller.
16:17 of 1st period - Goal by Lars Eller - Atomiques : 0 - Staline : 3.
16:18 of 1st period - Corey Trivino wins face-off versus Tyler Brenner in neutral zone.
16:21 of 1st period - Slapshot by Tyler Pitlick.
16:21 of 1st period - Shot Blocked by Matt Tennyson.
16:23 of 1st period - Snap shot by Tyler Pitlick.
16:23 of 1st period - Shot Blocked by Jack Skille.
16:39 of 1st period - Minor Penalty to Bryan Bickell for Cross-checking.
16:40 of 1st period - Tyler Brenner wins face-off versus Corey Trivino in Staline zone.
16:47 of 1st period - Wrist shot by Brock McGinn.
16:47 of 1st period - Shot Misses the Net.
16:49 of 1st period - Slapshot by Brock McGinn.
16:49 of 1st period - Stopped by Joni Ortio without a rebound.
16:50 of 1st period - Tyler Brenner wins face-off versus Corey Trivino in Staline zone.
17:20 of 1st period - Slapshot by Rasmus Ristolainen.
17:20 of 1st period - Shot Misses the Net.
17:22 of 1st period - Slapshot by Jack Skille.
17:22 of 1st period - Stopped by Joni Ortio with a rebound.
17:24 of 1st period - Slapshot by Matt Tennyson.
17:24 of 1st period - Shot Blocked by Cameron Gaunce.
17:26 of 1st period - Wrist shot by Matt Tennyson.
17:26 of 1st period - Stopped by Joni Ortio with a rebound.
17:28 of 1st period - Slapshot by Brock McGinn.
17:28 of 1st period - Goal by Brock McGinn - Atomiques : 1 - Staline : 3.
17:29 of 1st period - Anthony Nigro wins face-off versus Peter Holland in neutral zone.
17:54 of 1st period - Anthony Nigro is hit by Tyler Pitlick and loses puck.
18:25 of 1st period - Snap shot by Dwight King.
18:25 of 1st period - Stopped by Joni Ortio without a rebound.
18:26 of 1st period - Nick Spaling wins face-off versus Tyler Brenner in Staline zone.
18:28 of 1st period - Minor Penalty to Philip Larsen for Delaying the game.
18:29 of 1st period - Corey Trivino wins face-off versus Tyler Brenner in Staline zone.
18:33 of 1st period - Wrist shot by Jason Akeson.
18:33 of 1st period - Goal by Jason Akeson - Atomiques : 1 - Staline : 4.
18:33 of 1st period - Jeff Frazee enters game.
18:34 of 1st period - Jack Skille wins face-off versus Corey Trivino in neutral zone.
18:39 of 1st period - Wrist shot by Brock McGinn.
18:39 of 1st period - Goal by Brock McGinn - Atomiques : 2 - Staline : 4.
18:40 of 1st period - Lars Eller wins face-off versus Tyler Brenner in neutral zone.
18:59 of 1st period - Minor Penalty to Jack Skille for Hooking.
19:00 of 1st period - Lars Eller wins face-off versus Dwight King in Atomiques zone.
19:15 of 1st period - Wrist shot by Jason Akeson.
19:15 of 1st period - Shot Misses the Net.
19:39 of 1st period - Snap shot by Tyler Pitlick.
19:39 of 1st period - Shot Blocked by Eric Mestery.
Goals for this period are 2 for Atomiques vs 4 for Staline.
Shots for this period are 14 for Atomiques vs 15 for Staline.

2nd period


0:01 of 2nd period - Lars Eller wins face-off versus Dalton Smith in neutral zone.
0:04 of 2nd period - Slapshot by Alex Petrovic.
0:04 of 2nd period - Shot Misses the Net.
0:06 of 2nd period - Snap shot by Alex Petrovic.
0:06 of 2nd period - Shot Blocked by Davis Drewiske.
0:08 of 2nd period - Snap shot by Alex Petrovic.
0:08 of 2nd period - Deflect By Lars Eller.
0:08 of 2nd period - Stopped by Jeff Frazee with a rebound.
0:10 of 2nd period - Slapshot by Cameron Gaunce.
0:10 of 2nd period - Goal by Cameron Gaunce - Atomiques : 2 - Staline : 5.
0:11 of 2nd period - Lars Eller wins face-off versus Jack Skille in neutral zone.
0:25 of 2nd period - Slapshot by Nick Spaling.
0:25 of 2nd period - Shot Blocked by Tyler Brenner.
0:27 of 2nd period - Backhand shot by Nick Spaling.
0:27 of 2nd period - Shot Misses the Net.
0:49 of 2nd period - Jordan Szwarz is hit by Dwight King.
1:23 of 2nd period - Wiley Sherman is hit by Peter Holland.
1:45 of 2nd period - Jack Skille is hit by Lars Eller and loses puck.
2:08 of 2nd period - Minor Penalty to Mike Reilly for Tripping.
2:09 of 2nd period - Corey Trivino wins face-off versus Tyler Brenner in Staline zone.
2:25 of 2nd period - Icing by Tyler Brenner.
2:26 of 2nd period - Tyler Brenner wins face-off versus Corey Trivino in Atomiques zone.
2:31 of 2nd period - Slapshot by Rasmus Ristolainen.
2:31 of 2nd period - Deflect By Cameron Gaunce.
2:31 of 2nd period - Stopped by Joni Ortio with a rebound.
2:33 of 2nd period - Slapshot by Matt Tennyson.
2:33 of 2nd period - Shot Blocked by Cameron Gaunce.
2:35 of 2nd period - Wrist shot by Brock McGinn.
2:35 of 2nd period - Shot Blocked by Corey Trivino.
2:37 of 2nd period - Backhand shot by Jack Skille.
2:37 of 2nd period - Stopped by Joni Ortio without a rebound.
2:38 of 2nd period - Corey Trivino wins face-off versus Tyler Brenner in Staline zone.
3:09 of 2nd period - Anthony Nigro is hit by Lars Eller and loses puck.
3:35 of 2nd period - Viktor Loov is hit by Ryan Shannon and loses puck.
4:08 of 2nd period - Penalty to Mike Reilly is over, Mike Reilly is back on ice.
4:11 of 2nd period - Off-side.
4:12 of 2nd period - Marek Zagrapan wins face-off versus Jacob De La Rose in neutral zone.
4:26 of 2nd period - Wrist shot by Marek Zagrapan.
4:26 of 2nd period - Stopped by Jeff Frazee without a rebound.
4:27 of 2nd period - Anthony Nigro wins face-off versus Lars Eller in Atomiques zone.
4:48 of 2nd period - Alex Petrovic is hit by Anthony Nigro and loses puck.
5:23 of 2nd period - Slapshot by Alex Petrovic.
5:23 of 2nd period - Deflect By Dwight King.
5:23 of 2nd period - Stopped by Jeff Frazee without a rebound.
5:24 of 2nd period - Corey Trivino wins face-off versus Tyler Brenner in Atomiques zone.
5:37 of 2nd period - Snap shot by Tyler Pitlick.
5:37 of 2nd period - Shot Misses the Net.
5:39 of 2nd period - Minor Penalty to Tyler Brenner for Slashing.
5:40 of 2nd period - Corey Trivino wins face-off versus Dwight King in Atomiques zone.
5:43 of 2nd period - Wrist shot by Bryan Bickell.
5:43 of 2nd period - Deflect By Corey Trivino.
5:43 of 2nd period - Shot Misses the Net.
5:43 of 2nd period - Puck is out of play.
5:44 of 2nd period - Dwight King wins face-off versus Corey Trivino in Atomiques zone.
5:44 of 2nd period - Dwight King is hit by Cameron Gaunce.
5:47 of 2nd period - Matt Tennyson is hit by Tyler Pitlick and loses puck.
5:48 of 2nd period - Matt Tennyson from Atomiques is injured at 5:48 of 2nd period (Groin).
5:49 of 2nd period - Dwight King wins face-off versus Lars Eller in neutral zone.
7:03 of 2nd period - Eric Mestery is hit by Bryan Bickell and loses puck.
7:39 of 2nd period - Penalty to Tyler Brenner is over, Tyler Brenner is back on ice.
7:52 of 2nd period - Slapshot by Joseph Cramarossa.
7:52 of 2nd period - Stopped by Joni Ortio with a rebound.
8:24 of 2nd period - Slapshot by Mike Reilly.
8:24 of 2nd period - Shot Misses the Net.
8:38 of 2nd period - Snap shot by Dwight King.
8:38 of 2nd period - Shot Misses the Net.
8:40 of 2nd period - Wrist shot by Ryan Shannon.
8:40 of 2nd period - Stopped by Joni Ortio with a rebound.
10:09 of 2nd period - Jack Skille is hit by Alex Petrovic.
10:19 of 2nd period - Jacob De La Rose is hit by Mike Reilly and loses puck.
11:08 of 2nd period - Tyler Pitlick is hit by Corey Tropp and loses puck.
11:49 of 2nd period - Snap shot by Peter Holland.
11:49 of 2nd period - Shot Misses the Net.
11:51 of 2nd period - Slapshot by Cameron Gaunce.
11:51 of 2nd period - Stopped by Jeff Frazee without a rebound.
11:52 of 2nd period - Tyler Brenner wins face-off versus Marek Zagrapan in Atomiques zone.
11:52 of 2nd period - Tyler Brenner is hit by Marek Zagrapan.
11:58 of 2nd period - Alex Petrovic is hit by Tyler Brenner and loses puck.
12:03 of 2nd period - Wrist shot by Brock McGinn.
12:03 of 2nd period - Stopped by Joni Ortio without a rebound.
12:04 of 2nd period - Lars Eller wins face-off versus Jacob De La Rose in Staline zone.
12:06 of 2nd period - Minor Penalty to Nick Spaling for Hooking.
12:07 of 2nd period - Corey Trivino wins face-off versus Tyler Brenner in Staline zone.
12:13 of 2nd period - Wrist shot by Tyler Brenner.
12:13 of 2nd period - Stopped by Joni Ortio with a rebound.
12:15 of 2nd period - Snap shot by Jack Skille.
12:15 of 2nd period - Stopped by Joni Ortio with a rebound.
12:17 of 2nd period - Wrist shot by Tyler Brenner.
12:17 of 2nd period - Shot Misses the Net.
12:19 of 2nd period - Slapshot by Tyler Brenner.
12:19 of 2nd period - Shot Misses the Net.
12:21 of 2nd period - Slapshot by Brock McGinn.
12:21 of 2nd period - Stopped by Joni Ortio with a rebound.
12:23 of 2nd period - Snap shot by Jack Skille.
12:23 of 2nd period - Shot Misses the Net.
14:06 of 2nd period - Penalty to Nick Spaling is over, Nick Spaling is back on ice.
14:12 of 2nd period - Viktor Loov is hit by Wiley Sherman and loses puck.
14:42 of 2nd period - Mike Reilly is hit by Eric Mestery and loses puck.
15:03 of 2nd period - Wrist shot by Nick Spaling.
15:03 of 2nd period - Shot Misses the Net.
15:17 of 2nd period - Slapshot by Rasmus Ristolainen.
15:17 of 2nd period - Shot Blocked by Marek Zagrapan.
15:33 of 2nd period - Snap shot by Tyler Pitlick.
15:33 of 2nd period - Stopped by Jeff Frazee with a rebound.
15:35 of 2nd period - Snap shot by Viktor Loov.
15:35 of 2nd period - Stopped by Jeff Frazee with a rebound.
15:37 of 2nd period - Wrist shot by Corey Trivino.
15:37 of 2nd period - Shot Misses the Net.
16:47 of 2nd period - Philip Larsen is hit by Joseph Cramarossa and loses puck.
17:00 of 2nd period - Alex Petrovic is hit by Corey Tropp and loses puck.
18:11 of 2nd period - Snap shot by Jason Akeson.
18:11 of 2nd period - Shot Misses the Net.
18:13 of 2nd period - Snap shot by Jason Akeson.
18:13 of 2nd period - Shot Misses the Net.
18:15 of 2nd period - Wrist shot by Lars Eller.
18:15 of 2nd period - Stopped by Jeff Frazee with a rebound.
18:38 of 2nd period - Anthony Nigro is hit by Mike Reilly and loses puck.
18:59 of 2nd period - Off-side.
19:00 of 2nd period - Lars Eller wins face-off versus Tyler Brenner in neutral zone.
19:03 of 2nd period - Slapshot by Mike Reilly.
19:03 of 2nd period - Shot Blocked by Eric Mestery.
19:27 of 2nd period - Jiri Sekac is hit by Dalton Smith.
19:43 of 2nd period - Jordan Szwarz is hit by Rasmus Ristolainen and loses puck.
19:55 of 2nd period - Minor Penalty to Ryan Shannon for Cross-checking.
19:56 of 2nd period - Lars Eller wins face-off versus Dwight King in Atomiques zone.
Goals for this period are 0 for Atomiques vs 1 for Staline.
Shots for this period are 8 for Atomiques vs 8 for Staline.

3rd period


0:01 of 3rd period - Dwight King wins face-off versus Lars Eller in neutral zone.
0:21 of 3rd period - Icing by Jason Akeson.
0:22 of 3rd period - Dwight King wins face-off versus Lars Eller in Staline zone.
0:37 of 3rd period - Snap shot by Nick Spaling.
0:37 of 3rd period - Stopped by Jeff Frazee with a rebound.
0:39 of 3rd period - Wrist shot by Cameron Gaunce.
0:39 of 3rd period - Shot Misses the Net.
0:41 of 3rd period - Slapshot by Cameron Gaunce.
0:41 of 3rd period - Stopped by Jeff Frazee without a rebound.
0:42 of 3rd period - Dwight King wins face-off versus Corey Trivino in Atomiques zone.
1:11 of 3rd period - Off-side.
1:12 of 3rd period - Corey Trivino wins face-off versus Dwight King in neutral zone.
1:55 of 3rd period - Penalty to Ryan Shannon is over, Ryan Shannon is back on ice.
1:57 of 3rd period - Slapshot by Bryan Bickell.
1:57 of 3rd period - Shot Misses the Net.
2:15 of 3rd period - Snap shot by Jordan Szwarz.
2:15 of 3rd period - Stopped by Jeff Frazee with a rebound.
2:28 of 3rd period - Davis Drewiske is hit by Cameron Gaunce and loses puck.
2:37 of 3rd period - Snap shot by Dalton Smith.
2:37 of 3rd period - Stopped by Joni Ortio without a rebound.
2:38 of 3rd period - Lars Eller wins face-off versus Tyler Brenner in Staline zone.
2:53 of 3rd period - Off-side.
2:54 of 3rd period - Corey Trivino wins face-off versus Anthony Nigro in neutral zone.
3:07 of 3rd period - Wrist shot by Tyler Pitlick.
3:07 of 3rd period - Stopped by Jeff Frazee with a rebound.
3:09 of 3rd period - Slapshot by Cameron Gaunce.
3:09 of 3rd period - Shot Blocked by Rasmus Ristolainen.
3:22 of 3rd period - Minor Penalty to Alex Petrovic for Slashing.
3:23 of 3rd period - Tyler Brenner wins face-off versus Corey Trivino in Staline zone.
3:24 of 3rd period - Wrist shot by Rasmus Ristolainen.
3:24 of 3rd period - Stopped by Joni Ortio with a rebound.
3:26 of 3rd period - Wrist shot by Tyler Brenner.
3:26 of 3rd period - Shot Blocked by Cameron Gaunce.
3:28 of 3rd period - Snap shot by Tyler Brenner.
3:28 of 3rd period - Goal by Tyler Brenner - Atomiques : 3 - Staline : 5.
3:29 of 3rd period - Lars Eller wins face-off versus Tyler Brenner in neutral zone.
3:44 of 3rd period - Wrist shot by Tyler Brenner.
3:44 of 3rd period - Shot Blocked by Cameron Gaunce.
4:41 of 3rd period - Wrist shot by Lars Eller.
4:41 of 3rd period - Shot Misses the Net.
4:59 of 3rd period - Backhand shot by Nick Spaling.
4:59 of 3rd period - Shot Misses the Net.
5:21 of 3rd period - Snap shot by Lars Eller.
5:21 of 3rd period - Stopped by Jeff Frazee with a rebound.
5:23 of 3rd period - Snap shot by Lars Eller.
5:23 of 3rd period - Shot Misses the Net.
5:25 of 3rd period - Slapshot by Nick Spaling.
5:25 of 3rd period - Stopped by Jeff Frazee without a rebound.
5:26 of 3rd period - Corey Trivino wins face-off versus Tyler Brenner in Atomiques zone.
5:55 of 3rd period - Off-side.
5:56 of 3rd period - Jacob De La Rose wins face-off versus Jiri Sekac in neutral zone.
6:12 of 3rd period - Wrist shot by Corey Tropp.
6:12 of 3rd period - Stopped by Joni Ortio with a rebound.
6:49 of 3rd period - Wrist shot by Brock McGinn.
6:49 of 3rd period - Stopped by Joni Ortio with a rebound.
6:51 of 3rd period - Slapshot by Colby Cohen.
6:51 of 3rd period - Stopped by Joni Ortio with a rebound.
6:53 of 3rd period - Slapshot by Rasmus Ristolainen.
6:53 of 3rd period - Stopped by Joni Ortio with a rebound.
7:07 of 3rd period - Bryan Bickell is hit by Corey Tropp and loses puck.
7:18 of 3rd period - Danny Kristo is hit by Dwight King and loses puck.
7:33 of 3rd period - Lucas Wallmark is hit by Charles Hudon and loses puck.
8:08 of 3rd period - Peter Holland is hit by Brock McGinn and loses puck.
8:25 of 3rd period - Snap shot by Ryan Shannon.
8:25 of 3rd period - Stopped by Joni Ortio with a rebound.
8:27 of 3rd period - Slapshot by Ryan Shannon.
8:27 of 3rd period - Stopped by Joni Ortio with a rebound.
8:29 of 3rd period - Snap shot by Ryan Shannon.
8:29 of 3rd period - Stopped by Joni Ortio without a rebound.
8:30 of 3rd period - Lars Eller wins face-off versus Anthony Nigro in Staline zone.
8:41 of 3rd period - Mike Reilly is hit by Dwight King and loses puck.
8:54 of 3rd period - Slapshot by Tyler Pitlick.
8:54 of 3rd period - Stopped by Jeff Frazee with a rebound.
9:35 of 3rd period - Alex Petrovic is hit by Rasmus Ristolainen and loses puck.
10:21 of 3rd period - Peter Holland is hit by Ryan Shannon and loses puck.
10:41 of 3rd period - Peter Holland is hit by Ryan Shannon.
10:53 of 3rd period - Icing by Alex Petrovic.
10:54 of 3rd period - Peter Holland wins face-off versus Tyler Brenner in Staline zone.
11:11 of 3rd period - Danny Kristo is hit by Jack Skille and loses puck.
11:48 of 3rd period - Wrist shot by Joseph Cramarossa.
11:48 of 3rd period - Shot Misses the Net.
11:50 of 3rd period - Snap shot by Bobby Farnham.
11:50 of 3rd period - Stopped by Joni Ortio with a rebound.
11:52 of 3rd period - Snap shot by Bobby Farnham.
11:52 of 3rd period - Stopped by Joni Ortio with a rebound.
11:54 of 3rd period - Slapshot by Davis Drewiske.
11:54 of 3rd period - Shot Misses the Net.
11:56 of 3rd period - Slapshot by Wiley Sherman.
11:56 of 3rd period - Shot Blocked by Jason Akeson.
11:58 of 3rd period - Wrist shot by Lucas Wallmark.
11:58 of 3rd period - Stopped by Joni Ortio without a rebound.
11:59 of 3rd period - Corey Trivino wins face-off versus Tyler Brenner in Staline zone.
12:24 of 3rd period - Jason Akeson is hit by Corey Tropp.
12:44 of 3rd period - Snap shot by Jordan Szwarz.
12:44 of 3rd period - Shot Blocked by Anthony Nigro.
12:50 of 3rd period - Snap shot by Ryan Shannon.
12:50 of 3rd period - Stopped by Joni Ortio with a rebound.
12:52 of 3rd period - Wrist shot by Dwight King.
12:52 of 3rd period - Goal by Dwight King - Atomiques : 4 - Staline : 5.
12:53 of 3rd period - Lars Eller wins face-off versus Jack Skille in neutral zone.
13:17 of 3rd period - Jack Skille is hit by Cameron Gaunce and loses puck.
13:29 of 3rd period - Minor Penalty to Eric Mestery for Hooking.
13:30 of 3rd period - Dwight King wins face-off versus Corey Trivino in Atomiques zone.
13:38 of 3rd period - Slapshot by Cameron Gaunce.
13:38 of 3rd period - Shot Blocked by Wiley Sherman.
13:40 of 3rd period - Slapshot by Cameron Gaunce.
13:40 of 3rd period - Shot Misses the Net.
13:42 of 3rd period - Snap shot by Cameron Gaunce.
13:42 of 3rd period - Shot Misses the Net.
13:44 of 3rd period - Slapshot by Alex Petrovic.
13:44 of 3rd period - Goal by Alex Petrovic - Atomiques : 4 - Staline : 6.
13:45 of 3rd period - Tyler Brenner wins face-off versus Lars Eller in neutral zone.
14:00 of 3rd period - Minor Penalty to Tyler Brenner for Roughing.
14:01 of 3rd period - Lars Eller wins face-off versus Dwight King in Atomiques zone.
14:01 of 3rd period - Wrist shot by Jason Akeson.
14:01 of 3rd period - Shot Misses the Net.
14:26 of 3rd period - Icing by Nick Spaling.
14:27 of 3rd period - Lars Eller wins face-off versus Dwight King in Staline zone.
14:35 of 3rd period - Off-side.
14:36 of 3rd period - Corey Trivino wins face-off versus Dwight King in neutral zone.
14:41 of 3rd period - Snap shot by Tyler Pitlick.
14:41 of 3rd period - Goal by Tyler Pitlick - Atomiques : 4 - Staline : 7.
14:42 of 3rd period - Lars Eller wins face-off versus Tyler Brenner in neutral zone.
15:07 of 3rd period - Icing by Cameron Gaunce.
15:08 of 3rd period - Anthony Nigro wins face-off versus Lars Eller in Staline zone.
15:20 of 3rd period - Minor Penalty to Eric Mestery for Hooking.
15:21 of 3rd period - Dwight King wins face-off versus Lars Eller in Atomiques zone.
17:13 of 3rd period - Icing by Bryan Bickell.
17:14 of 3rd period - Corey Trivino wins face-off versus Ryan Shannon in Staline zone.
17:20 of 3rd period - Penalty to Eric Mestery is over, Eric Mestery is back on ice.
18:32 of 3rd period - Wrist shot by Jordan Szwarz.
18:32 of 3rd period - Shot Misses the Net.
18:50 of 3rd period - Snap shot by Tyler Pitlick.
18:50 of 3rd period - Shot Blocked by Corey Tropp.
18:53 of 3rd period - Minor Penalty to Mike Reilly for Cross-checking.
18:54 of 3rd period - Corey Trivino wins face-off versus Tyler Brenner in Staline zone.
18:54 of 3rd period - Corey Trivino is hit by Brock McGinn.
19:10 of 3rd period - Snap shot by Tyler Brenner.
19:10 of 3rd period - Stopped by Joni Ortio without a rebound.
19:11 of 3rd period - Corey Trivino wins face-off versus Anthony Nigro in Staline zone.
19:11 of 3rd period - Corey Trivino is hit by Ryan Shannon.
19:19 of 3rd period - Slapshot by Dwight King.
19:19 of 3rd period - Stopped by Joni Ortio with a rebound.
19:55 of 3rd period - Jason Akeson is hit by Colby Cohen and loses puck.
Goals for this period are 2 for Atomiques vs 2 for Staline.
Shots for this period are 17 for Atomiques vs 9 for Staline.